 Dungeon Crawl Stone Soup version 0.28-a0-724-g66f9036eb4 (webtiles) character file.

Game seed: 8752778458835051379

10970 Anon1729 the Fighter (level 11, -1/104 HPs)
             Began as a Purple Draconian Berserker on Oct 26, 2021.
             Was a High Priest of Trog.
             Slain by a centaur warrior (10 damage)
             ... on level 8 of the Dungeon.
             The game lasted 00:17:03 (12749 turns).

Anon1729 the Fighter (Purple Draconian Berserker)  Turns: 12749, Time: 00:17:04

Health: -1/104     AC: 12    Str: 29    XL:     11   Next: 43%
Magic:  11/11      EV: 15    Int:  7    God:    Trog [*****.]
Gold:   329        SH:  0    Dex: 11    Spells: 10/10 levels left

rFire   . . .      SeeInvis .   a - +2 hand axe (flame)
rCold   . . .      Faith    .   (no shield)
rNeg    . . .      Spirit   .   (armour unavailable)
rPois   .          Reflect  .   D - +2 hat
rElec   .          Harm     .   v - +0 cloak
rCorr   .          Rampage  .   b - +0 pair of gloves
Will    ++...                   s - +0 pair of boots
Stlth   +.........              (no amulet)
HPRegen 0.27/turn               r - ring of willpower
MPRegen 0.12/turn               u - +6 ring of strength

@: mighty, lethally poisoned (-1 -> -4)
A: breathe power, AC +7, unfitting armour, cold-blooded
a: Breathe Dispelling Energy, Renounce Religion, Berserk, Trog's Hand, Brothers
in Arms


You were on level 8 of the Dungeon.
You worshipped Trog.
Trog was extremely pleased with you.
You visited 1 branch of the dungeon, and saw 8 of its levels.

You collected 329 gold pieces.

Inventory:

Hand Weapons
 a - a +2 hand axe of flaming (weapon)
Missiles
 E - a throwing net
Armour
 b - a +0 pair of gloves (worn)
 s - a +0 pair of boots (worn)
 v - a +0 cloak (worn)
 D - a +2 hat (worn)
Jewellery
 g - a ring of protection from fire
 k - a ring of resist corrosion
 r - a ring of willpower (left hand)
 u - a +6 ring of strength (right hand)
Wands
 o - a wand of flame (16)
 A - a wand of paralysis (8)
 B - a wand of acid (6)
Scrolls
 c - 2 scrolls of magic mapping {unknown}
 d - 4 scrolls of identify
 i - 3 scrolls of enchant armour
 j - a scroll of brand weapon {unknown}
 l - a scroll of noise {unknown}
 p - a scroll of enchant weapon {unknown}
 t - 2 scrolls of blinking {unknown}
 w - 2 scrolls of teleportation {unknown}
 y - a scroll of holy word {unknown}
 C - a scroll of torment {unknown}
 F - 3 scrolls of fear {unknown}
Potions
 e - 3 potions of might
 f - a potion of resistance {unknown}
 h - a potion of ambrosia {unknown}
 m - a potion of brilliance {unknown}
 n - 3 potions of mutation {unknown}
 q - 5 potions of curing
 x - 2 potions of attraction {unknown}
 z - a potion of heal wounds {unknown}


   Skills:
 + Level 12.0 Fighting
 + Level 11.0 Axes
 + Level 10.1 Dodging


You had 10 spell levels left.
You didn't know any spells.
Your spell library was empty.

Dungeon Overview and Level Annotations

Branches:
Dungeon (8/15)             Temple (0/1) D:7            Lair (0/6) D:8

Altars:
Ashenzari
Cheibriados
Fedhas
Gozag
Makhleb
Nemelex Xobeh
Vehumet
Wu Jian
Zin

Annotations:
D:6 1 runed translucent door, Tribosh's ghost, amateur FoFi
D:8 Psyche


Innate Abilities, Weirdness & Mutations

You can breathe bolts of dispelling energy.
Your rich purple scales are hard. (AC +7)
You cannot fit into any form of body armour.
You are cold-blooded and may be slowed by cold attacks.


Message History

You writhe in agony.
The centaur warrior kicks you but does no damage.
The centaur warrior hits you with a +0 eveningstar of pain!
You writhe in agony.
The centaur warrior misses you.
Items here: ( ))) = [[ ÷.
You closely miss the centaur warrior. You tail-slap the centaur warrior.
The centaur warrior is lightly wounded.
Psyche casts a spell.
A swirling arc of seething chaos appears!
The arc of chaos hits the centaur warrior.
The arc of chaos hits you.
You are poisoned.
The centaur warrior hits you with a +0 eveningstar of pain!
You writhe in agony.
* * * LOW HITPOINT WARNING * * *
The centaur warrior kicks you but does no damage.
Okay, then.
It was a potion of might.
You feel very mighty all of a sudden.
You feel sick.
The centaur warrior hits you with a +0 eveningstar of pain!
* * * LOW HITPOINT WARNING * * *
You writhe in agony.
* * * LOW HITPOINT WARNING * * *
The centaur warrior kicks you but does no damage.
Psyche laughs secretively.
Okay, then.
Okay, then.
As you read the scroll labelled OGU LAUCZAITEM, it crumbles to dust.
It is a scroll of identify.
i - 3 scrolls of enchant armour You feel sick.
The centaur warrior hits you with a +0 eveningstar of pain.
* * * LOW HITPOINT WARNING * * *
You writhe in agony.
* * * LOW HITPOINT WARNING * * *
The centaur warrior kicks you.
* * * LOW HITPOINT WARNING * * *
The centaur warrior hits you with a +0 eveningstar of pain!
You die...

#.##.########.####.
......>............
..♣..>.............#....
.....P.............#....
................... #....
...............# .# #..#######
.........((##...# ..###..#..#...
.........).##.).##.....#....#....
.♣>.........)..)@...@..#<...#....
...............).c..........{....
...P.....(.[..+#########'#+#†<...
..............#.).# .. #.#)....
........(####.#.#.# #u# ##.##..##
...........##.### ..o #.#.#....
...P..♣........# ... ##...##...
.♣.....<.......# ####.###.#...
####[.......... ##)..÷)##..


You could see a centaur warrior and Psyche.

Vanquished Creatures
  Gastronok (D:7)
  A centaur warrior (D:8)
  A two-headed ogre (D:8)
  Pikel (D:8)
  2 ugly things
  An efreet (D:8)
  A hornet (D:8)
  Prince Ribbit (D:6)
  A slime creature (D:7)
  Grinder (D:6)
  3 wyverns (D:8)
  5 yaks (D:8)
  A basilisk (D:8)
  Menkaure (D:6)
  Edmund (D:6)
  An acid dragon (D:8)
  Duvessa (D:4)
  3 water moccasins
  A black bear (D:4)
  4 ice beasts
  An orc warrior (D:7)
  3 sky beasts
  4 ogres
  A centaur (D:8)
  A phantom (D:5)
  3 kobold brigands
  2 bullfrogs (D:7)
  3 scorpions
  A wyvern zombie (D:8)
  3 gnoll sergeants
  Dowan (D:4)
  A water moccasin skeleton (D:7)
  8 wights (D:8)
  7 howler monkeys
  An electric eel (D:7)
  2 bullfrog skeletons
  3 jellies
  4 orc priests
  Crazy Yiuf (D:3)
  A centaur skeleton (D:7)
  4 hounds
  2 iguanas
  9 orc wizards
  Robin (D:3)
  2 howler monkey zombies
  25 gnolls
  12 adders
  2 shadow imps
  2 white imps
  An adder skeleton (D:5)
  3 worms
  2 dart slugs
  11 orcs
  8 ball pythons
  14 bats
  8 endoplasms
  5 giant cockroaches
  21 goblins
  5 hobgoblins
  2 jackals (D:1)
  13 kobolds
  5 quokkas
  8 frilled lizards
  14 rats
262 creatures vanquished.

Vanquished Creatures (collateral kills)
  An ugly thing (D:7)
1 creature vanquished.

Vanquished Creatures (others)
  8 fungi
  30 plants
38 creatures vanquished.

Grand Total: 301 creatures vanquished

Notes
Turn   | Place    | Note
-------+----------+-------------------------------------------
     0 | D:1      | Anon1729 the Draconian Berserker began the quest for the
                  | Orb.
     0 | D:1      | Reached XP level 1. HP: 19/19 MP: 1/1
     1 | D:1      | Found a runed translucent door.
     3 | D:1      | Noticed a jelly
    41 | D:1      | Reached XP level 2. HP: 26/26 MP: 2/2
    49 | D:1      | Reached XP level 3. HP: 29/33 MP: 3/3
    55 | D:1      | Reached skill level 4 in Fighting
   542 | D:1      | Found a faded altar of an unknown god.
   569 | D:1      | Reached XP level 4. HP: 33/40 MP: 4/4
   963 | D:2      | Reached ** piety under Trog
  1013 | D:2      | Found an ornate altar of the Wu Jian Council.
  2558 | D:3      | Reached XP level 5. HP: 43/47 MP: 5/5
  2842 | D:3      | Reached *** piety under Trog
  2875 | D:3      | Noticed Robin
  2886 | D:3      | Reached skill level 5 in Fighting
  2899 | D:3      | Killed Robin
  2900 | D:3      | Reached XP level 6. HP: 56/56 MP: 6/6
  3475 | D:3      | Found a runed translucent door.
  3476 | D:3      | Noticed Crazy Yiuf
  3476 | D:3      | You fall into a shaft and drop 2 floors!
  3476 | D:5      | Entered Level 5 of the Dungeon
  3476 | D:5      | Noticed a water moccasin
  3505 | D:5      | Reached skill level 5 in Axes
  3511 | D:5      | Killed a water moccasin
  3521 | D:5      | Your scales start taking on a rich purple colour.
  3521 | D:5      | Reached XP level 7. HP: 7/62 MP: 7/7
  3911 | D:5      | Reached skill level 6 in Fighting
  3913 | D:5      | Reached skill level 5 in Dodging
  4276 | D:5      | Found a radiant altar of Vehumet.
  4282 | D:5      | Found a snail-covered altar of Cheibriados.
  4313 | D:5      | Reached XP level 8. HP: 56/71 MP: 8/8
  6164 | D:4      | Found an ornate altar of the Wu Jian Council.
  6187 | D:4      | Found a sparkling altar of Nemelex Xobeh.
  6201 | D:4      | Reached skill level 7 in Fighting
  6452 | D:4      | Found a burning altar of Makhleb.
  6474 | D:4      | Noticed Dowan
  6475 | D:4      | Noticed Duvessa
  6488 | D:4      | Killed Duvessa
  6497 | D:4      | Killed Dowan
  7435 | D:3      | Killed Crazy Yiuf
  7715 | D:6      | Reached skill level 8 in Fighting
  7718 | D:6      | Reached **** piety under Trog
  7926 | D:6      | Noticed Grinder
  7937 | D:6      | Killed Grinder
  7938 | D:6      | Reached XP level 9. HP: 81/81 MP: 9/9
  7970 | D:6      | Noticed Edmund
  7980 | D:6      | Killed Edmund
  8026 | D:6      | Noticed Prince Ribbit
  8048 | D:6      | Killed Prince Ribbit
  8599 | D:6      | Noticed Menkaure
  8608 | D:6      | Killed Menkaure
  8837 | D:6      | Found a runed translucent door.
  8842 | D:6      | Noticed Tribosh's ghost (amateur FoFi)
  8842 | D:6      | Noticed a manticore
  9044 | D:7      | Reached skill level 9 in Fighting
  9113 | D:7      | Found a glowing silver altar of Zin.
  9189 | D:7      | Found a blossoming altar of Fedhas.
  9269 | D:7      | Noticed a cyan ugly thing
  9483 | D:7      | Found an opulent altar of Gozag.
  9784 | D:7      | Found a staircase to the Ecumenical Temple.
 10256 | D:7      | Killed a cyan ugly thing
 10257 | D:7      | Reached XP level 10. HP: 92/92 MP: 10/10
 10418 | D:8      | Noticed a two-headed ogre
 10424 | D:8      | Killed a two-headed ogre
 10425 | D:8      | Reached skill level 10 in Fighting
 10677 | D:8      | Found the +2 cloak of the Thief {*Fog Slay-2 SInv Stlth+}
 10677 | D:8      | Noticed a tengu warrior
 10677 | D:8      | Noticed a cane toad
 10677 | D:8      | Noticed a purple ugly thing
 10689 | D:8      | Noticed a white ugly thing
 10704 | D:8      | Killed a white ugly thing
 10943 | D:8      | Reached ***** piety under Trog
 11012 | D:8      | Noticed Gastronok
 11025 | D:8      | Reached skill level 10 in Axes
 11574 | D:7      | Killed Gastronok
 11575 | D:7      | Reached skill level 11 in Fighting
 11763 | D:8      | Reached XP level 11. HP: 63/102 MP: 11/11
 12041 | D:8      | Found a staircase to the Lair.
 12045 | D:7      | Found a broken altar of Ashenzari.
 12050 | D:7      | Killed a purple ugly thing
 12360 | D:8      | Noticed Pikel
 12373 | D:8      | Killed Pikel
 12374 | D:8      | Reached skill level 10 in Dodging
 12376 | D:8      | Identified the +5 trident "Yhaer" {vorpal, Str+8}
 12376 | D:8      | Noticed a centaur warrior
 12383 | D:8      | Killed a centaur warrior
 12730 | D:8      | Reached skill level 12 in Fighting
 12740 | D:8      | Noticed a centaur warrior
 12746 | D:8      | Identified the ring "Imaises" {*Corrode +Blink rElec rPois
                  | Will+}
 12746 | D:8      | Noticed Psyche
 12749 | D:8      | Slain by a centaur warrior

Illustrated notes

Levels and vault maps discovered:
D:1:      dpeg_arrival_caged_fury, layout_loops_cross,
          hellmonk_ecumenical_altar_zigzags
D:2:      layout_loops_corners, basic_altar, serial_forest,
          infiniplex_forest_clump_small, infiniplex_forest_end_2,
          infiniplex_forest_clump_double, infiniplex_forest_lined_3_way,
          infiniplex_forest_lined_room_2, infiniplex_forest_side_room,
          infiniplex_forest_lined_room_2, infiniplex_forest_clump_double
D:3:      minmay_chambers_of_twos, layout_basic, uniq_crazy_yiuf_cottage,
          uniq_robin
D:4:      layout_rooms, mainiacjoe_overflow_six_doors_small,
          pdpol_wu_jian_five_deadly_venoms, mainiacjoe_overflow_brackets,
          kennysheep_big_empty_room, uniq_duvessa
D:5:      layout_layer_cave, lemuel_tele_altar, kennysheep_mini
D:6:      layout_basic, ebering_ghost_inner_flame, uniq_edmund, uniq_menkaure,
          uniq_prince_ribbit1, uniq_grinder
D:7:      layout_basic, fedhas_altar_fruit_tree, general_overflow_altar,
          nicolae_overflow_hidden_temple, temple_statues, minivault_4
D:8:      minmay_the_grid_triangle_9x9_rhombus_thin
          [minmay_the_grid_triangle_9x9_dagger,
          minmay_the_grid_triangle_9x9_prize_center,
          minmay_the_grid_triangle_9x9_alien,
          minmay_the_grid_triangle_9x9_flanged_cone], layout_gridville,
          minmay_lair_entry_grove, uniq_psyche, uniq_pikel, uniq_gastronok

Skill      XL: |  1  2  3  4  5  6  7  8  9 10 11 |
---------------+----------------------------------+-----
Dodging        | 3 4 5 6 8 9 10 | 10.1
Fighting       | 4 5 6 8 9 11 12 | 12.0
Axes           | 4 5 6 7 9 10 11 | 11.0

Action                   |  1- 3 |  4- 6 |  7- 9 | 10-12 || total
-------------------------+-------+-------+-------+-------++-------
Melee: Hand axe          |    66 |   228 |   346 |   230 ||   870
       Tailslap          |    12 |    30 |    72 |    48 ||   162
Invok: Berserk           |     1 |     3 |    15 |     7 ||    26
       Trog's Hand       |       |       |     1 |       ||     1
       Brothers in Arms  |       |       |       |     1 ||     1
 Abil: Breathe Dispellin |       |       |     3 |       ||     3
Evoke: Wand              |       |       |     2 |       ||     2
  Use: Potion            |       |     2 |       |     1 ||     3
       Scroll            |       |       |       |     1 ||     1
 Stab: Sleeping          |       |     2 |     1 |       ||     3
       Paralysed         |       |       |     5 |       ||     5
Armor: Skin              |    16 |    94 |    91 |    60 ||   261
Dodge: Dodged            |    38 |   173 |   225 |   130 ||   566

Table legend: (Time is in decaauts)
 A = Elapsed time spent in this place.
 B = Non-inter-level travel time spent in this place.
 C = Inter-level travel time spent in this place.
 D = Time resting spent in this place.
 E = Time spent auto-exploring this place.
 F = Levels seen in this place.
 G = Mean time per level.
                   A        B        C        D        E       F      G
               +--------+--------+--------+--------+--------+-----+--------+
         Total |  12926 |  12498 |    428 |   2515 |   8170 |   8 | 1615.8 |
       Dungeon |  12926 |  12498 |    428 |   2515 |   8170 |   8 | 1615.8 |
               +--------+--------+--------+--------+--------+-----+--------+

Top non-repeatable levels by time:
     D:7: 2740 daAuts
     D:5: 2334 daAuts
     D:6: 1768 daAuts
     D:4: 1636 daAuts
     D:2: 1455 daAuts
     D:3: 1249 daAuts
     D:1: 961 daAuts
     D:8: 778 daAuts
